AoeStats
← MAN1YAKFOX

Arena

510060278Analyzed
1v1 RM · 4d ago on Sep 29, 2026· 19m 39s· 2 players
Game mode
Random Map
Map size
Tiny (2 player)
Population
200
Speed
Normal
Resources
Standard
Victory
Conquest
Starting age
Dark Age
Ending age
Imperial Age
RankedLock teamsTeams togetherTeam positionsShared explorationLock speedFull tech treeHidden civsTurbo modeCheats
Victory
Defeat
🇷🇺 Romans · Russia
1082
+15
🇹🇷 Huns · Türkiye
1051
-15
TheDanger
9:31 Feudal Age
14:16 Castle Age
12:41 Double-Bit Axe
19:12 Bow Saw
19:13 Horse Collar
19:22 Loom
MAN1YAKFOX
4:44 Loom
11:17 Feudal Age
12:41 Loom
16:34 Castle Age
15:32 Man-at-Arms
17:37 Scale Mail Armor
18:09 Long Swordsman
19:24 Squires
Connection lost

Rejoining the realm…

Still unreachable

The connection could not be restored.

Session expired

The server has moved on; the page needs a fresh start.